 Dungeon Crawl Stone Soup version 0.31.0-11-ge490571c62 (webtiles) character file.

Game seed: 5380636417846832011

21 mopl the Caller (level 2, 0/15 HPs)
             Began as a Tengu Summoner on Feb 8, 2024.
             Slain by an iguana (13 damage)
             ... on level 2 of the Dungeon.
             The game lasted 00:02:18 (719 turns).

mopl the Caller (Tengu Summoner)                     Turns: 719, Time: 00:02:19

Health: 0/15       AC:  2    Str:  8    XL:     2   Next: 87%
Magic:  2/6        EV: 12    Int: 15    God:
Gold:   48         SH:  0    Dex: 14    Spells: 3/6 levels left

rFire   . . .        f - +0 short sword
rCold   . . .        (no shield)
rNeg    . . .        a - +0 robe
rPois   .            (helmet restricted)
rElec   .            (no cloak)
rCorr   .            (no gloves)
SInv    .            (boots unavailable)
Will    .....        (no amulet)
Stlth   ++           (no ring)
HPRegen 0.22/turn    (no ring)
MPRegen 0.10/turn

%: acrobat
@: no status effects
A: beak, talons 3, acrobatic
a: no special abilities


You were on level 2 of the Dungeon.
You visited 1 branch of the dungeon, and saw 2 of its levels.

You collected 48 gold pieces.

Inventory:

Hand Weapons
 f - a +0 short sword (weapon)
Armour
 a - a +0 robe (worn)
 g - a +0 tower shield
Scrolls
 d - 3 scrolls of identify {unknown}
Potions
 b - a potion of magic
 c - 2 potions of brilliance {unknown}
 e - a potion of curing {unknown}


   Skills:
 - Level 2.1 Dodging
 - Level 2.0 Stealth
 + Level 2.6 Spellcasting
 + Level 5.3 Summonings


You had 3 spell levels left.
You knew the following spells:

 Your Spells              Type           Power      Damage    Failure   Level
a - Summon Small Mammal   Summ           72%        N/A       2%          1
b - Call Imp              Summ           36%        N/A       3%          2

Your spell library contained the following spells:

 Spells                   Type           Power      Damage    Failure   Level
 Call Canine Familiar     Summ           18%        N/A       7%          3
 Gell's Gravitas          Tloc           1%         N/A       54%         3
 Teleport Other           Tloc           1%         N/A       54%         3
 Summon Blazeheart Golem  Fire/Summ      9%         N/A       56%         4
 Summon Lightning Spire   Summ/Air       9%         N/A       56%         4
 Dispersal                Tloc           0%         N/A       100%        6


Dungeon Overview and Level Annotations

Branches:
Dungeon (2/15)

Altars:

Shops:
D:2 ??


Innate Abilities, Weirdness & Mutations

You have a beak for a mouth.
You have claws for feet.
You can magically evade attacks while moving or waiting.


Message History

You kill the rat!
No target in view!
No target in view!
Found a tower shield and 3 gold pieces.
Your cerulean imp closely misses the jackal.
Your cerulean imp closely misses the jackal.
Your cerulean imp barely misses the jackal.
You see here a +0 tower shield.
g - a +0 tower shield Your cerulean imp disappears in a puff of smoke!
Casting: Call Imp (safe; 3% risk of failure)
Confirm with . or Enter, or press ? or * to list all spells.
A tiny devil pulls itself out of the air.
Casting: Call Imp (safe; 3% risk of failure)
Confirm with . or Enter, or press ? or * to list all spells.
The jackal bites your rat.
Your rat dies!
Your rat's corpse disappears in a puff of smoke!
Casting: Summon Small Mammal (safe; 2% risk of failure)
Confirm with . or Enter, or press ? or * to list all spells.
The jackal bites your bat.
Your cerulean imp closely misses the jackal.
You barely miss the iguana. You claw the iguana.
The iguana is moderately wounded.
Your bat hits the jackal but does no damage. x2
The iguana barely misses you. The jackal bites your bat.
Your bat dies!
Your bat's corpse disappears in a puff of smoke!
Your cerulean imp barely misses the jackal.
The jackal barks!
You hit the iguana. You claw the iguana. Your peck misses the iguana.
The iguana is almost dead.
The iguana closely misses you.
Your cerulean imp hits the jackal with a -3 spear.
The jackal bites you.
You hit the iguana but do no damage. Your peck misses the iguana.
The iguana is almost dead.
The iguana bites you!
Ouch! That really hurt!
You die...

.♣...$.....≈≈≈
...h.......≈≈∩....##
......<....≈≈≈≈~...#
............≈≈≈....#
####.............$.#
#...............#
................#
#............l5..#
#............h@.#
.........#.....##
#..####.#######
##..# #.# ..#..##$#
......#.# .8....#.#
.....<..# ...8....#


You could see an iguana, a jackal (ally target) and a friendly cerulean imp
(summoned).

Vanquished Creatures
  A ribbon worm (D:2)
  2 giant cockroaches (D:1)
  A jackal (D:2)
  3 kobolds
  5 ball pythons (D:1)
  A bat (D:1)
  3 frilled lizards (D:1)
  2 goblins (D:1)
  2 rats
20 creatures vanquished.

Notes
Turn   | Place    | Note
-------+----------+-------------------------------------------
     0 | D:1      | mopl the Tengu Summoner began the quest for the Orb.
     0 | D:1      | Reached XP level 1. HP: 10/10 MP: 4/4
    60 | D:1      | Reached skill level 5 in Summonings
   154 | D:1      | Reached XP level 2. HP: 10/15 MP: 6/6
   284 | D:1      | Learned a level 2 spell: Call Imp
   628 | D:2      | Found Retypeymp's Magic Scroll Emporium.
   628 | D:2      | Found Fyufu's Magic Scroll Shop.
   719 | D:2      | Slain by an iguana

Illustrated notes

Levels and vault maps discovered:
D:1:      orjb1_clovarrival, layout_loops_cross
D:2:      layout_rooms, serial_shops, nicolae_shop_tiny_glass,
          nicolae_shop_peninsula, nicolae_shop_waterfront, nicolae_shop_trees,
          shapermc_ecumenical_altar_mp_urbaneastern, minmay_misc_feat_plants,
          minmay_fractal_squares_gapless_5

Skill      XL: |  1 |
---------------+----+-----
Summonings     | 5 |  5.3
Dodging        | |  2.1
Stealth        | |  2.0
Spellcasting   | |  2.6

Action                     || total
---------------------------++-------
  Melee: Unarmed           ||    55
         Kick              ||    19
         Peck              ||    11
         Short sword       ||    15
   Cast: Summon Small Mamm ||     4
         Call Imp          ||     2
   Stab: Sleeping          ||     2
         Distracted        ||     1
 Armour: Robe              ||    31
  Dodge: Dodged            ||    41
